 Dungeon Crawl Stone Soup version 0.29.1-4-g47bece8355 (webtiles) character file.

Game seed: 833698295187600578

387 zeram the Covert (level 6, -2/36 HPs)
             Began as an Octopode Enchanter on Dec 8, 2022.
             Slain by an orc wizard
             ... wielding a +0 dagger
              (4 damage)
             ... on level 5 of the Dungeon.
             The game lasted 00:05:07 (3806 turns).

zeram the Covert (Octopode Enchanter)               Turns: 3806, Time: 00:05:08

Health: -2/36      AC:  1    Str:  8    XL:     6   Next: 78%
Magic:  9/9        EV: 17    Int: 19    God:
Gold:   170        SH:  0    Dex: 12    Spells: 9/9 levels left

rFire   . . .      SeeInvis .   i - +4 dagger (venom)
rCold   . . .      Faith    .   (no shield)
rNeg    . . .      Spirit   .   (helmet restricted)
rPois   .          Reflect  .   g - amulet of magic regeneration
rElec   .          Harm     .   j - +4 ring of evasion
rCorr   .          Rampage  .   (no ring)
Will    .....                   (no ring)
Stlth   +++++.....              (no ring)
HPRegen 0.12/turn               (no ring)
MPRegen 0.51/turn               (no ring)
                                (no ring)
                                (no ring)

@: no status effects
A: almost no armour, amphibious, 8 rings, camouflage 1, gelatinous body 1,
(nimble swimmer 1), tentacles
a: no special abilities


You were on level 5 of the Dungeon.
You visited 1 branch of the dungeon, and saw 5 of its levels.

You collected 170 gold pieces.

Inventory:

Hand Weapons
 a - a +1 dagger of protection
 i - a +4 dagger of venom (weapon)
Jewellery
 c - an amulet of faith
 g - an amulet of magic regeneration (around mantle)
 j - a +4 ring of evasion (left tentacle)
Wands
 d - a wand of flame (15)
Scrolls
 k - a scroll of immolation {unknown}
 n - a scroll of enchant armour {unknown}
 o - 2 scrolls of noise
 p - a scroll of magic mapping {unknown}
 q - a scroll of vulnerability {unknown}
Potions
 b - 2 potions of invisibility
 e - a potion of attraction {unknown}
 f - 4 potions of curing
 h - a potion of heal wounds {unknown}
 m - a potion of berserk rage {unknown}


   Skills:
 + Level 2.9 Short Blades
 + Level 2.8 Dodging
 + Level 8.2 Stealth
 + Level 2.4 Spellcasting
 + Level 3.6 Hexes


You had 9 spell levels left.
You didn't know any spells.
Your spell library contained the following spells:

 Spells                   Type           Power      Damage    Failure   Level
 Confusing Touch          Hex            16%        N/A       11%         3
 Tukima's Dance           Hex            16%        N/A       11%         3
 Ensorcelled Hibernation  Hex/Ice        18%        N/A       12%         2
 Magic Dart               Conj           8%         1d3       16%         1
 Summon Small Mammal      Summ           8%         N/A       16%         1
 Dazzling Flash           Conj/Hex       18%        N/A       22%         3
 Summon Guardian Golem    Hex/Summ       9%         N/A       22%         3
 Call Imp                 Summ           2%         N/A       24%         2
 Call Canine Familiar     Summ           2%         N/A       43%         3
 Mephitic Cloud           Conj/Pois/Air  2%         N/A       43%         3
 Ozocubu's Armour         Ice            2%         N/A       43%         3
 Ozocubu's Refrigeration  Ice            1%         4d7       100%        7


Dungeon Overview and Level Annotations

Branches:
Dungeon (5/15)
 Temple: D:4-7

Altars:
Cheibriados
Elyvilon

Annotations:
D:4 Pikel


Innate Abilities, Weirdness & Mutations

You cannot wear most types of armour.
You are amphibious.
You can wear up to eight rings at the same time.
Your skin changes colour to match your surroundings (Stealth+).
Your rubbery body absorbs attacks. (AC +1, EV +1)
((You are camouflaged when in or above water. (Stealth+)))
You have tentacles for arms and can constrict up to eight enemies at once.


Message History

You hit the orc wizard but do no damage.
You squeeze the orc wizard.
The orc wizard is moderately wounded.
You constrict the orc wizard. The orc wizard casts a spell at you.
You are confused.
The orc closely misses you.
You hit the orc wizard.
The orc wizard is poisoned.
The orc wizard is heavily wounded.
You constrict the orc wizard, but do no damage.
The orc wizard casts a spell at you. The puff of flame hits you!
The orc barely misses you.
You release your grip on the orc wizard.
The orc wizard hits you with a +0 dagger.
The orc wizard points at you and mumbles some strange words.
The magic dart hits you!
* * * LOW HITPOINT WARNING * * *
The orc hits you with a +0 dagger.
* * * LOW HITPOINT WARNING * * *
Unknown command.
The orc wizard casts a spell.
The orc wizard flickers and vanishes!
Deactivating autopickup; reactivate with Ctrl-A.
The orc misses you.
Unknown command.
The orc attacks as you move away! The orc completely misses you.
You feel less confused. The orc misses you.
Unknown command.
You completely miss the orc. Your grab misses the orc. You squeeze the orc.
The orc is heavily wounded.
Unknown command.
You hit something.
Unknown command.
You barely miss the orc. You grab the orc. You squeeze the orc!
You kill the orc!
You barely miss the orc. Your grab misses the orc.
The orc is heavily wounded.
The orc misses you. Something hits you.
You die...

########## ######
#.......)# ##.....
#........#####..####
####..).....).....##
#.....@{.....######
#.##...o..)..#
######...## #...##
....## #..##.# .'.#
#.# .## #.# ...


You could see an orc.

Vanquished Creatures
  A lemure (D:4)
  A centaur (D:3)
  A necrophage (D:3)
  A hound (D:4)
  Terence (D:2)
  A gnoll bouda (D:5)
  An orc wizard (D:5)
  4 gnolls (D:5)
  3 adders
  2 worms (D:3)
  2 dart slugs
  5 orcs
  8 bats
  7 endoplasms
  2 giant cockroaches
  4 hobgoblins
  5 kobolds
  5 quokkas
  6 ball pythons
  2 frilled lizards (D:1)
  9 goblins
  5 rats
76 creatures vanquished.

Vanquished Creatures (others)
  A plant (D:3)
1 creature vanquished.

Grand Total: 77 creatures vanquished

Notes
Turn   | Place    | Note
-------+----------+-------------------------------------------
     0 | D:1      | zeram the Octopode Enchanter began the quest for the Orb.
     0 | D:1      | Reached XP level 1. HP: 11/11 MP: 3/3
   238 | D:1      | Reached XP level 2. HP: 17/17 MP: 5/5
  1017 | D:1      | Reached XP level 3. HP: 21/21 MP: 6/6
  1363 | D:2      | Noticed Terence
  1377 | D:2      | Killed Terence
  1378 | D:2      | Reached skill level 5 in Stealth
  1378 | D:2      | Reached XP level 4. HP: 20/27 MP: 7/7
  2218 | D:3      | Noticed a necrophage
  2224 | D:3      | Killed a necrophage
  2225 | D:3      | Reached skill level 6 in Stealth
  2225 | D:3      | Reached XP level 5. HP: 20/31 MP: 8/8
  2380 | D:3      | Identified the +1 leather armour of Vehumet, Building {Fly
                  | Will+ Slay+3}
  2446 | D:3      | Found a white marble altar of Elyvilon.
  2457 | D:3      | Noticed a centaur
  2469 | D:3      | Killed a centaur
  2470 | D:3      | Reached skill level 7 in Stealth
  2470 | D:3      | Reached XP level 6. HP: 18/36 MP: 9/9
  2718 | D:3      | Found a snail-covered altar of Cheibriados.
  3180 | D:4      | Noticed Pikel
  3203 | D:5      | Entered Level 5 of the Dungeon
  3521 | D:5      | Reached skill level 8 in Stealth
  3787 | D:5      | Paralysed by an orc wizard for 4 turns
  3799 | D:5      | HP: 1/36 [orc/+0 dagger (4)]
  3806 | D:5      | Slain by an orc wizard

Illustrated notes

Levels and vault maps discovered:
D:1:      dpeg_arrival_renting, layout_loops_ring, chequers_garden
D:2:      layout_rooms, uniq_terence
D:3:      layout_basic, cheibrodos_worm_habitat, elyvilon_altar_1,
          hangedman_decor_peaks_small, kennysheep_crisscross
D:4:      layout_basic, mainiacjoe_overflow_surrounded_room, hex_medium,
          uniq_pikel
D:5:      layout_basic, nicolae_overflow_crystal_walls

Skill      XL: |  1  2  3  4  5  6 |
---------------+-------------------+-----
Stealth        | 5 6 7 8 |  8.2
Short Blades   | 2 |  2.9
Dodging        | |  2.8
Spellcasting   | |  2.4
Hexes          | |  3.6

Action                   |  1- 3 |  4- 6 || total
-------------------------+-------+-------++-------
Melee: Dagger            |    67 |    99 ||   166
       Constrict         |    15 |    23 ||    38
       Tentacles         |     8 |    27 ||    35
       Punch             |       |     2 ||     2
  Use: Scroll            |     4 |     4 ||     8
 Stab: Sleeping          |    10 |    18 ||    28
Armor: Skin              |     9 |    13 ||    22
Dodge: Dodged            |    40 |    70 ||   110
